[Event "*** Titled Tuesday Blitz"]
[Site "Chess.com"]
[Date "2019.08.06"]
[Round "8"]
[White "minnesotachessmaster"]
[Black "ClockworkKubrick"]
[Result "0-1"]
[WhiteElo "1930"]
[BlackElo "2172"]
[TimeControl "180+2"]
[EndTime "14:52:50 PDT"]
[Termination "ClockworkKubrick won by resignation"]

1. e4 d6 2. d4 Nf6 3. Nc3 g6 4. Bg5 Bg7 5. Nf3 h6 6. Bxf6 Bxf6 7. e5 Bg7 8. h3 O-O 9. Be2 c5 10. dxc5 dxe5 11. O-O Nd7 12. Na4 Qa5 13. c3 e4 14.
b4 Qc7 15. Nd4 a6 16. f3 Nf6 17. Nb6 Rb8 18. Qc2 exf3 19. Bxf3 e5 20. Ne2 Bf5 21.
Qb3 e4 22. Nd4 exf3 23. Nxf5 gxf5 24. Rxf3 Ne4 25. Nd5 Qe5 26. Rxf5 Qe6 27. Re1 Kh8 28. Rf4 f5 29. c4 Qe5 30. Qf3 Rbe8 31. Re2 Qd4+ 32.
Kh2 Be5 33. g3 Bxf4 34. Qxf4 Qg7 35. b5 Nf6 36. Rf2 Ne4 37. Rg2 Nxc5 0-1

[Event "*** Titled Tuesday Blitz"]
[Site "Chess.com"]
[Date "2019.08.06"]
[Round "8"]
[White "M1711"]
[Black "ChainsOfFantasia"]
[Result "1-0"]
[WhiteElo "2563"]
[BlackElo "2494"]
[TimeControl "180+2"]
[EndTime "14:52:53 PDT"]
[Termination "M1711 won by resignation"]

1. d4 Nf6 2. Bg5 Ne4 3. Bf4 g5 4. Bc1 g4 5. e3 d5 6. Bd3 Bg7 7.
c4 c6 8. Nc3 Nxc3 9. bxc3 f5 10. h3 h5 11. hxg4 hxg4 12. Rxh8+ Bxh8 13. cxd5 Qxd5 14. Kf1 e5 15. Ne2 Be6 16. c4 Qd7 17. Qb3 e4 18. Bc2 b5 19. d5 cxd5 20. Bb2 dxc4 21. Qa3 Bxb2 22. Qxb2 Qc6 23. Rd1 Nd7 24. Qh8+ Nf8 25. Nf4 Bf7 26. Qe5+ Be6 27. Rd6 Qxd6 28. Qxd6 Rd8 29. Qc6+ Bd7 30. Qd5 a6 31. Qe5+ Kf7 32. Nd5 Be6 33. Qf6+ Kg8 34. Qxd8 1-0

[Event "*** Titled Tuesday Blitz"]
[Site "Chess.com"]
[Date "2019.08.06"]
[Round "8"]
[White "IMRosen"]
[Black "Saitama_Hero"]
[Result "0-1"]
[WhiteElo "2617"]
[BlackElo "2349"]
[TimeControl "180+2"]
[EndTime "14:52:54 PDT"]
[Termination "Saitama_Hero won by checkmate"]

1. d4 Nf6 2. Bf4 g6 3. Nc3 d5 4. e3 Bg7 5. h4 O-O 6. h5 c5 7. hxg6 hxg6 8. dxc5 Qa5 9. Be5 Nc6 10. Bd4 e5 11. a3 exd4 12. b4 Qc7 13. exd4 Re8+ 14. Be2 Bg4 15. Kf1 Qf4 16. g3 Bxe2+ 17. Ncxe2 Qe4 18.
Rh4 Qe6 19. Nf4 Qf5 20. Qd3 Ne4 21. c3 g5 22. Rh5 Qg4 23. f3 Nxg3+ 24. Kf2 Qxf4 25.
Nh3 Ne4+ 26. Kf1 Qh2 27. Rd1 Ng3# 0-1

[Event "*** Titled Tuesday Blitz"]
[Site "Chess.com"]
[Date "2019.08.06"]
[Round "8"]
[White "riconaipe"]
[Black "ChessQueen"]
[Result "0-1"]
[WhiteElo "2453"]
[BlackElo "2631"]
[TimeControl "180+2"]
[EndTime "14:52:56 PDT"]
[Termination "ChessQueen won by resignation"]

1. d4 Nf6 2. c4 e6 3. Nc3 Bb4 4. Nf3 b6 5. Bg5 Bb7 6. Nd2 h6 7. Bh4 g5 8. Bg3 Bxc3 9. bxc3 d6 10. f3 Nbd7 11. e4 e5 12. Bd3 Qe7 13. O-O O-O-O 14. a4 a5 15. Qe2 h5 16. Bf2 g4 17. Nb3 gxf3 18. gxf3 h4 19. c5 dxc5 20. dxc5 Nh5 21. Ba6 Nf4 22. Bxb7+ Kxb7 23. Nxa5+ bxa5 24. c6+ Kxc6 25. Qc4+ Kb7 26. Rfb1+ Nb6 27. Bxb6 Qg5+ 28. Kf1 Qg2+ 29. Ke1 Nd3+ 30. Kd1 Nb2+ 0-1

[Event "*** Titled Tuesday Blitz"]
[Site "Chess.com"]
[Date "2019.08.06"]
[Round "8"]
[White "Irochka83"]
[Black "VeraNebolsina"]
[Result "0-1"]
[WhiteElo "2333"]
[BlackElo "2399"]
[TimeControl "180+2"]
[EndTime "14:53:03 PDT"]
[Termination "VeraNebolsina won on time"]

1. d4 Nf6 2. c4 g6 3. Nc3 d5 4.
cxd5 Nxd5 5. e4 Nxc3 6. bxc3 Bg7 7. Be3 c5 8. Rc1 Qa5 9. Qd2 cxd4 10. cxd4 Qxd2+ 11. Kxd2 O-O 12. Nf3 e6 13. Rc7 Nc6 14. Bb5 f5 15.
exf5 exf5 16. Bc4+ Kh8 17. Ng5 f4 18. Nf7+ Rxf7 19.
Rxf7 fxe3+ 20. fxe3 Bf5 21. Rxb7 Bh6 22. Bd5 Nxd4 23.
Rb4 Nc2 24. Bxa8 Nxb4 25. Rc1 Nxa2 26. Rc7 a5 27. Ra7 Nc1 0-1

[Event "*** Titled Tuesday Blitz"]
[Site "Chess.com"]
[Date "2019.08.06"]
[Round "8"]
[White "Marcus_Harvey"]
[Black "GadimbayliA"]
[Result "0-1"]
[WhiteElo "2768"]
[BlackElo "2888"]
[TimeControl "180+2"]
[EndTime "14:53:08 PDT"]
[Termination "GadimbayliA won by resignation"]

1. d4 Nf6 2. Nf3 b6 3. c4 Bb7 4. g3 e6 5. Bg2 g6 6. O-O Bg7 7. Nc3 O-O 8. Qc2 d5 9. Ne5 c6 10. Rd1 Nbd7 11. e4 Rc8 12. Bg5 h6 13. Nxd7 Qxd7 14. Bxf6 Bxf6 15. Qb3 dxc4 16. Qxc4 c5 17. d5 Bd4 18. Rd2 Rcd8 19. Rad1 exd5 20. exd5 Rfe8 21. Nb5 Ba6 22. a4 Bxb5 23. axb5 Qd6 24. b3 Re7 25. b4 Rde8 26. bxc5 bxc5 27. h4 Qxg3 28. Rxd4 Re1+ 29. Rxe1 Rxe1+ 30. Qf1 Rxf1+ 31. Kxf1 Qb3 32. Rd2 Qb1+ 33. Ke2 Qxb5+ 34. Kd1 Kf8 35. d6 Ke8 36. d7+ Kd8 37. Bf3 c4 38. Rc2 Qb1+ 39. Kd2 Qb4+ 40. Ke3 Qb3+ 0-1

[Event "*** Titled Tuesday Blitz"]
[Site "Chess.com"]
[Date "2019.08.06"]
[Round "8"]
[White "GrandGlacier"]
[Black "medalja"]
[Result "1-0"]
[WhiteElo "2449"]
[BlackElo "2364"]
[TimeControl "180+2"]
[EndTime "14:53:12 PDT"]
[Termination "GrandGlacier won by resignation"]

1. b3 e5 2. Bb2 Nc6 3. e3 d5 4. Bb5 Bd6 5. Nf3 Qe7 6. d4 e4 7. Ne5 Bxe5 8. dxe5 Be6 9. Nc3 a6 10. Bxc6+ bxc6 11. Na4 Nh6 12. Qd2 Nf5 13. Qa5 Nh4 14. O-O-O O-O 15. Nc5 Rfb8 16. Ba3 Rb5 17. Qc3 Qe8 18.
Rhg1 a5 19. Na4 Bd7 20. Rdf1 d4 21. exd4 Rd5 22. Bc5 Bf5 23. Qg3 Ng6 24. Nc3 Rd7 25. f3 e3 26. f4 e2 27. Nxe2 a4 28. Nc3 axb3 29. axb3 Qb8 30. Kb2 Be6 31. f5 Bxb3 32. cxb3 Nxe5 33. Qxe5 Qb7 34. Ra1 Rb8 35. Ra3 1-0

[Event "*** Titled Tuesday Blitz"]
[Site "Chess.com"]
[Date "2019.08.06"]
[Round "8"]
[White "hurricane7791"]
[Black "2nd_life"]
[Result "1-0"]
[WhiteElo "2722"]
[BlackElo "2448"]
[TimeControl "180+2"]
[EndTime "14:53:13 PDT"]
[Termination "hurricane7791 won on time"]

1. d4 Nf6 2. c4 e6 3. Nc3 Bb4 4. e3 O-O 5. Qc2 d6 6. Bd3 b6 7.
Ne2 Bb7 8. O-O Bxc3 9. Nxc3 e5 10. d5 Nbd7 11. Qe2 a5 12. e4 Nc5 13. Bc2 Ba6 14. b3 Bc8 15. Rb1 Bg4 16. f3 Bd7 17. Be3 Nh5 18. g3 f5 19. Kh1 g6 20. a3 fxe4 21. fxe4 Bh3 22. Rxf8+ Qxf8 23. b4 axb4 24. axb4 Nd7 25. Nb5 Ra2 26. Rc1 Ndf6 27. Nxc7 Ng4 28.
Ne6 Qf6 29. Bxb6 Rxc2 30. Rxc2 Bf1 31. Qe1 Qf3+ 32. Kg1 Bh3 33. Ng5 Qb3 34. Rc1 1-0

[Event "*** Titled Tuesday Blitz"]
[Site "Chess.com"]
[Date "2019.08.06"]
[Round "8"]
[White "AlexanderKing"]
[Black "Aknok"]
[Result "1-0"]
[WhiteElo "2648"]
[BlackElo "2450"]
[TimeControl "180+2"]
[EndTime "14:53:17 PDT"]
[Termination "AlexanderKing won by checkmate"]

1. d4 f5 2. e4 fxe4 3. Nc3 Nf6 4. Bg5 Nc6 5. d5 Ne5 6. f3 Nf7 7. Be3 exf3 8. Nxf3 g6 9. Qd2 Bg7 10. Bd3 e5 11. dxe6 dxe6 12. O-O-O O-O 13. Kb1 Nd5 14. Bd4 c6 15. Bxg7 Kxg7 16. h4 Nxc3+ 17. Qxc3+ Qf6 18. Qa3 e5 19. h5 Bg4 20. hxg6 hxg6 21. Rdf1 Rh8 22.
Nh2 Qe6 23. Nxg4 Rxh1 24. Rxh1 Qxg4 25. Qe7 Rf8 26. a4 Qxg2 27. Rf1 Qd5 28. Qf6+ Kg8 29. Qxg6+ Kh8 30. Qh7# 1-0

[Event "*** Titled Tuesday Blitz"]
[Site "Chess.com"]
[Date "2019.08.06"]
[Round "8"]
[White "Kubas1010"]
[Black "Witaliss"]
[Result "1-0"]
[WhiteElo "2572"]
[BlackElo "2425"]
[TimeControl "180+2"]
[EndTime "14:53:19 PDT"]
[Termination "Kubas1010 won by resignation"]

1. d4 Nf6 2. c4 c6 3. Nf3 d5 4. g3 Bg4 5. Ne5 Bh5 6. Nc3 e6 7. Qb3 Qb6 8. c5 Qxb3 9. axb3 Nbd7 10. Bf4 Nxe5 11. Bxe5 Nd7 12. Bf4 e5 13. dxe5 Nxc5 14. b4 Ne6 15. b5 Bb4 16. Bg2 d4 17. bxc6 dxc3 18. O-O cxb2 19. cxb7 Rb8 20. Rxa7 Ke7 21. Rb1 Bc3 22. Ra3 Bb4 23. Rb3 Bc5 24. R3xb2 Rhd8 25. Bd2 Bxe2 26. Ba5 Rd1+ 27. Rxd1 Bxd1 28. Bd5 Ba7 29.
Kg2 Rd8 30. Bxe6 Rd3 31. Bf5 Bf3+ 32. Kh3 Rd5 33. Bc7 g6 34. Bd6+ Rxd6 35. exd6+ Kxd6 36. Bg4 Bxg4+ 37. Kxg4 Kc7 38. Kg5 f6+ 39. Kh6 1-0

[Event "*** Titled Tuesday Blitz"]
[Site "Chess.com"]
[Date "2019.08.06"]
[Round "8"]
[White "daro94"]
[Black "adriangschnitzer"]
[Result "1-0"]
[WhiteElo "2687"]
[BlackElo "2567"]
[TimeControl "180+2"]
[EndTime "14:53:29 PDT"]
[Termination "daro94 won by resignation"]

1. d4 Nf6 2. Nf3 c5 3. d5 b5 4. Bg5 d6 5. Bxf6 exf6 6. a4 b4 7. e4 g6 8. Bb5+ Bd7 9. Bxd7+ Qxd7 10. Nbd2 Bg7 11. O-O O-O 12. Nc4 Qe7 13. Re1 Nd7 14. Qd3 Ne5 15. Nfxe5 fxe5 16. c3 a5 17. Rac1 f5 18.
cxb4 axb4 19. b3 Bh6 20. Rc2 f4 21. Qh3 Bg7 22. Qe6+ Qxe6 23. dxe6 Ra6 24. Rd1 Re8 25.
Nxd6 Rxe6 26. Nc4 Bf8 27. f3 Kf7 28. Rd7+ Be7 29. Rcd2 Kf6 30. R2d5 h5 31. Kf1 g5 32. h3 Ra8 33. Ke2 Rg8 34. Kd3 g4 35. hxg4 hxg4 36.
Nxe5 gxf3 37. gxf3 Rg3 38. Ng4+ Kg6 39. Kc4 Rxg4 40.
fxg4 Rxe4+ 41. Kb5 f3 42. Rf5 Re3 43. Rxe7 Rxe7 44.
Rxf3 Re5 45. Kc4 Re4+ 46. Kxc5 Rxg4 47. Kb5 1-0

[Event "*** Titled Tuesday Blitz"]
[Site "Chess.com"]
[Date "2019.08.06"]
[Round "8"]
[White "cukus"]
[Black "Evgeny81"]
[Result "0-1"]
[WhiteElo "2415"]
[BlackElo "2556"]
[TimeControl "180+2"]
[EndTime "14:53:31 PDT"]
[Termination "Evgeny81 won by resignation"]

1. e4 e5 2. Nf3 Nc6 3. d4 exd4 4. Nxd4 Nf6 5. Nc3 Bb4 6. Nxc6 dxc6 7. Bd3 O-O 8. O-O Re8 9. Bg5 h6 10. Bh4 Qd4 11.
Qf3 Ng4 12. Rad1 Bxc3 13. bxc3 Qxc3 14. h3 Ne5 15. Qg3 Ng6 16. f4 Qc5+ 17. Qf2 Qxf2+ 18. Bxf2 Nxf4 19. Bg3 Nxd3 20. Rxd3 Be6 21. Ra3 Bc4 22. Rd1 Rxe4 23. Bxc7 Bd5 24. Bg3 Re2 25. Bf2 Rxc2 26.
Re1 Rxa2 27. Rxa2 Bxa2 28. Re7 a5 29. Rxb7 a4 30. Bc5 a3 31. Ra7 Rxa7 32. Bxa7 Bd5 33. Kf2 a2 34. Bd4 f5 35. g3 g5 36. h4 Kf7 37.
Ke3 Kg6 38. hxg5 hxg5 39. Ba1 Kh5 40. Kf2 Kg4 41. Bb2 f4 42. gxf4 Kxf4 0-1

[Event "*** Titled Tuesday Blitz"]
[Site "Chess.com"]
[Date "2019.08.06"]
[Round "8"]
[White "DiogenesSinopeus"]
[Black "Walter_White_Poland"]
[Result "1-0"]
[WhiteElo "2377"]
[BlackElo "2305"]
[TimeControl "180+2"]
[EndTime "14:53:31 PDT"]
[Termination "DiogenesSinopeus won on time"]

1. d4 Nf6 2. c4 c5 3. d5 e6 4. Nc3 exd5 5. cxd5 d6 6. Nf3 g6 7.
Qa4+ Bd7 8. Qb3 b5 9. Nxb5 Na6 10. Qe3+ Be7 11. Nxd6+ Kf8 12. Qe5 h6 13. Nb7 Qb6 14. d6 Re8 15. dxe7+ Rxe7 16. Qc3 Kg7 17. Na5 Rhe8 18. e3 Nb4 19. Nc4 Qc6 20. Be2 Nd5 21. Qa3 Nb4 22. Qc3 Bf5 23. O-O Nc2 24. Rb1 Nb4 25. Bd2 Bxb1 26. Rxb1 Nd5 27. Qa3 Nb6 28. Bc3 Kg8 29. Qa6 1-0

[Event "*** Titled Tuesday Blitz"]
[Site "Chess.com"]
[Date "2019.08.06"]
[Round "8"]
[White "Orest_Vovk"]
[Black "Jospem"]
[Result "0-1"]
[WhiteElo "2239"]
[BlackElo "2903"]
[TimeControl "180+2"]
[EndTime "14:53:38 PDT"]
[Termination "Jospem won by checkmate"]

1. g4 Na6 2. Bg2 Nb8 3. g5 g6 4. h4 Bg7 5. h5 e5 6. h6 Bf8 7. d4 d5 8. dxe5 Be6 9. e4 d4 10. Ne2 Bc5 11. f4 Ne7 12. Nd2 Nbc6 13. Nb3 Bb6 14.
a3 a5 15. Qd3 a4 16. Nd2 Bc5 17. O-O Qd7 18. Nf3 b5 19. b3 axb3 20. cxb3 b4 21.
a4 Na5 22. Rb1 Nxb3 23. Rxb3 Bxb3 24. Qxb3 d3+ 25. Ned4 Bxd4+ 26. Nxd4 Qxd4+ 27. Kh1 d2 28. Bb2 Qc5 29. e6 Rf8 30. Bg7 Rd8 31. Bxf8 Kxf8 32.
exf7 Qc3 33. Qd1 b3 34. f5 b2 35. f6 Nc6 36. e5 Nxe5 37. Qe2 d1=Q 38. Rxd1 Rxd1+ 39. Kh2 b1=Q 40. Qa6 Ng4# 0-1

[Event "*** Titled Tuesday Blitz"]
[Site "Chess.com"]
[Date "2019.08.06"]
[Round "8"]
[White "OlympusMons95"]
[Black "nocnypako"]
[Result "1-0"]
[WhiteElo "2674"]
[BlackElo "2582"]
[TimeControl "180+2"]
[EndTime "14:53:41 PDT"]
[Termination "OlympusMons95 won on time"]

1. Nf3 Nf6 2. c4 c6 3. Nc3 d5 4.
e3 e6 5. b3 Nbd7 6. Bb2 Bd6 7.
Qc2 O-O 8. Rg1 Qe7 9. g4 Ne5 10. Nxe5 Bxe5 11. f4 Bd6 12. g5 Nd7 13. O-O-O a5 14. h4 a4 15. Kb1 axb3 16. axb3 Ba3 17. Ba1 dxc4 18. Bxc4 Nb6 19. Bd3 Nd5 20. Bxh7+ Kh8 21.
Nxd5 cxd5 22. h5 Bd6 23. h6 e5 24. hxg7+ Kxg7 25. Rh1 Bg4 26. Rdg1 Rfc8 27. Bc3 d4 28. exd4 exd4 29. Bxd4+ Kf8 30. Bc3 Bf3 31. Bd3 Bxh1 32. Rxh1 f6 33. Rh8+ Kf7 34. Rh7+ 1-0

[Event "*** Titled Tuesday Blitz"]
[Site "Chess.com"]
[Date "2019.08.06"]
[Round "8"]
[White "IMDT02"]
[Black "Schachspielerr"]
[Result "0-1"]
[WhiteElo "2518"]
[BlackElo "2658"]
[TimeControl "180+2"]
[EndTime "14:53:41 PDT"]
[Termination "Schachspielerr won on time"]

1. d4 Nf6 2. c4 c6 3. Nf3 d5 4. e3 Bf5 5. Nc3 e6 6. b3 Bb4 7. Bd2 Ba3 8. Bc1 Bb4 9. Bd2 O-O 10. a3 Bd6 11. Be2 h6 12. O-O Nbd7 13. b4 dxc4 14. Bxc4 a5 15. b5 c5 16. dxc5 Nxc5 17. Nd4 Bg6 18. a4 Rc8 19. Be2 Qc7 20. h3 Rfd8 21. Rc1 Bh2+ 22. Kh1 Be5 23. Nf3 Bd3 24.
Bxd3 Nxd3 25. Nd5 Qd6 26. Rxc8 Rxc8 27. Nxe5 Qxd5 28. Nxd3 Qxd3 29. Bxa5 Qc4 30. Kg1 Ra8 31. Bd8 Nd5 32. b6 Rxd8 0-1

[Event "*** Titled Tuesday Blitz"]
[Site "Chess.com"]
[Date "2019.08.06"]
[Round "8"]
[White "vova-79"]
[Black "EugeneRougon"]
[Result "0-1"]
[WhiteElo "2458"]
[BlackElo "2641"]
[TimeControl "180+2"]
[EndTime "14:53:44 PDT"]
[Termination "EugeneRougon won by resignation"]

1. d4 d5 2. c4 c6 3. Nc3 Nf6 4. cxd5 cxd5 5. f3 e6 6. e4 Bb4 7. e5 Nfd7 8. f4 O-O 9. Nf3 b6 10. Qa4 Bxc3+ 11. bxc3 a5 12. c4 Bb7 13. Ba3 Re8 14.
c5 bxc5 15. dxc5 Bc6 16. Qc2 Na6 17. Bd3 h6 18. Rb1 Nb4 19. Bxb4 axb4 20. Rxb4 Qa5 21. Qd2 Nxc5 22. Bb1 Ne4 23. Bxe4 dxe4 24. Nd4 e3 25.
Qc3 Bxg2 26. Rg1 Qxa2 27. Ne2 Qa1+ 28. Qc1 Rec8 0-1

[Event "*** Titled Tuesday Blitz"]
[Site "Chess.com"]
[Date "2019.08.06"]
[Round "8"]
[White "Zhuu96"]
[Black "Firouzja2003"]
[Result "0-1"]
[WhiteElo "2951"]
[BlackElo "3014"]
[TimeControl "180+2"]
[EndTime "14:53:45 PDT"]
[Termination "Firouzja2003 won by resignation"]

1. Nf3 d5 2. d4 Nf6 3. c4 e6 4. Nc3 Nbd7 5. g3 c6 6. Bg2 Be7 7. O-O O-O 8. b3 b6 9. Bb2 Ba6 10. Nd2 Rc8 11. Qc2 c5 12. dxc5 Nxc5 13. Rfd1 Ncd7 14.
cxd5 Nxd5 15. Bxd5 exd5 16. Nf3 Nf6 17. Qf5 Qe8 18.
Nxd5 Nxd5 19. Rxd5 Rc5 20. Qg4 f6 21. Rxc5 Bxc5 22.
e3 Bb7 23. Rd1 Qc6 24. Kg2 h5 25. Qxh5 Qe4 26. Rd7 Bc6 27. Rc7 Bd6 28. Rxa7 Bb8 29. Ra6 g6 0-1

[Event "*** Titled Tuesday Blitz"]
[Site "Chess.com"]
[Date "2019.08.06"]
[Round "8"]
[White "GelmanAlexander"]
[Black "StephenDedalus83"]
[Result "1-0"]
[WhiteElo "2583"]
[BlackElo "2784"]
[TimeControl "180+2"]
[EndTime "14:53:46 PDT"]
[Termination "GelmanAlexander won on time"]

1. d4 g6 2. Nc3 Bg7 3. e4 a6 4. f4 b5 5. Nf3 Bb7 6. Bd3 d6 7. O-O c5 8. dxc5 dxc5 9. e5 Nh6 10. Be4 Nc6 11. Be3 c4 12. Qe1 Nf5 13.
Rd1 Qa5 14. Bxf5 gxf5 15. Qg3 O-O 16. Nd5 Qxa2 17. Nh4 e6 18. Nf6+ Kh8 19. Nf3 Qxb2 20. Qh4 h6 21. Rd7 Na5 22. Ng5 Qxc2 23. Bf2 Bc6 24.
Rxf7 1-0

[Event "*** Titled Tuesday Blitz"]
[Site "Chess.com"]
[Date "2019.08.06"]
[Round "8"]
[White "oezs95"]
[Black "boasovietica"]
[Result "1/2-1/2"]
[WhiteElo "2378"]
[BlackElo "2457"]
[TimeControl "180+2"]
[EndTime "14:53:48 PDT"]
[Termination "Game drawn by agreement"]

1. Nf3 c5 2. c4 Nc6 3. g3 g6 4. Bg2 Bg7 5. O-O e5 6. Nc3 d6 7. Ne1 Be6 8. d3 Nge7 9. Nc2 d5 10. cxd5 Nxd5 11. Ne3 Nde7 12. Nc4 O-O 13. Be3 b6 14. Rc1 Rb8 15. Qa4 Qd7 16. a3 a5 17. Nxb6 Rxb6 18. Bxc5 Rxb2 19. Bxc6 Nxc6 20. Bxf8 Bxf8 21. Ne4 Kg7 22.
Qxc6 Qxc6 23. Rxc6 Bxa3 24. Ra1 Bb4 25. Nc5 Bd5 26. Rc7 Rxe2 27. Na6 1/2-1/2

[Event "*** Titled Tuesday Blitz"]
[Site "Chess.com"]
[Date "2019.08.06"]
[Round "8"]
[White "Gareth-Bale11"]
[Black "Kimster98"]
[Result "1/2-1/2"]
[WhiteElo "2743"]
[BlackElo "2611"]
[TimeControl "180+2"]
[EndTime "14:53:55 PDT"]
[Termination "Game drawn by repetition"]

1. Nf3 d5 2. d4 Nf6 3. c4 e6 4. Nc3 Bb4 5. Qa4+ Nc6 6. Bg5 h6 7. Bxf6 Qxf6 8. e3 O-O 9. Rc1 Qg6 10. Qc2 Qxc2 11. Rxc2 Rd8 12. cxd5 exd5 13. a3 Bf8 14. Bd3 Ne7 15. Ke2 c6 16. Rb1 Bg4 17. b4 a6 18. Na4 Nc8 19. h3 Bxf3+ 20. Kxf3 Nd6 21. Ke2 Be7 22. Nc5 b5 23. a4 Nc4 24.
Bf5 g6 25. Bd3 Na3 26. Rbc1 Nxc2 27. Rxc2 Bxc5 28. Rxc5 Rac8 29. a5 Kf8 30. Rc1 Ke7 31. h4 Kd6 32. h5 g5 33. g4 Re8 34. Bf5 Rc7 35. Kd3 Ree7 36. Rc5 Re8 37. Kd2 Rce7 38.
Kd3 f6 39. Bg6 Rf8 40. Bf5 Rfe8 41. Bg6 Rf8 42. Bf5 Rfe8 1/2-1/2

[Event "*** Titled Tuesday Blitz"]
[Site "Chess.com"]
[Date "2019.08.06"]
[Round "8"]
[White "Manukyan_Artak"]
[Black "S-Fazulyanov"]
[Result "1-0"]
[WhiteElo "2402"]
[BlackElo "2429"]
[TimeControl "180+2"]
[EndTime "14:53:55 PDT"]
[Termination "Manukyan_Artak won by resignation"]

1. e4 c5 2. Nf3 Nc6 3. c3 Nf6 4. e5 Nd5 5. d4 cxd4 6. cxd4 d6 7. Nc3 dxe5 8. dxe5 Nxc3 9. Qxd8+ Nxd8 10. bxc3 g6 11. Bb5+ Bd7 12. Bxd7+ Kxd7 13. Nd4 Bg7 14. f4 Nc6 15.
Be3 Na5 16. O-O-O Nc4 17. Bf2 Kc7 18. Nb5+ Kc6 19. Nd4+ Kc7 20. Nb5+ Kc6 21. Nxa7+ Rxa7 22. Bxa7 Ra8 23. Bd4 Rxa2 24. Rhf1 Na3 25. Rf2 Ra1+ 26. Kd2 Nc4+ 27. Ke2 Ra3 28. Kd3 b5 29. g4 e6 30. Ke4 Bf8 31. f5 gxf5+ 32. gxf5 b4 33. cxb4 Bxb4 34. Rc1 Kb5 35. fxe6 fxe6 36. Rf6 Nd2+ 37.
Kf4 Rd3 38. Bg1 Nc4 39. Rxe6 Rh3 40. Rb1 Nd2 41. Rb6+ 1-0

[Event "*** Titled Tuesday Blitz"]
[Site "Chess.com"]
[Date "2019.08.06"]
[Round "8"]
[White "ChadBiryani"]
[Black "pedromartinez91"]
[Result "0-1"]
[WhiteElo "2384"]
[BlackElo "2462"]
[TimeControl "180+2"]
[EndTime "14:53:57 PDT"]
[Termination "pedromartinez91 won by resignation"]

1. d4 d6 2. Bf4 Nf6 3. e3 Nbd7 4. h3 e5 5. Bh2 Be7 6. c3 O-O 7. Nd2 Re8 8. Bd3 exd4 9. cxd4 c5 10. Ngf3 Nf8 11.
O-O b6 12. Qe2 Bb7 13. Rfd1 d5 14. Rac1 c4 15. Bb1 Ng6 16. Ne5 Bd6 17. f4 b5 18. b3 Nd7 19. Qh5 Ndxe5 20. fxe5 Be7 21. Qf3 f6 22. Rf1 Rf8 23. Qh5 fxe5 24. Bxg6 hxg6 25.
Qxe5 Rf6 26. Qg3 Bd6 27. Qg4 Bxh2+ 28. Kxh2 Qd6+ 29. Kg1 Rxf1+ 30. Nxf1 Rc8 31. Nd2 c3 32. Nf3 c2 33. Ne5 Qa3 34. Qe6+ Kh8 35. Nxg6+ Kh7 36. Qf5 Qxc1+ 37. Kh2 Qxe3 38. Nf4+ Kg8 39. Ne6 c1=Q 40. Qg5 Qxg5 0-1

[Event "*** Titled Tuesday Blitz"]
[Site "Chess.com"]
[Date "2019.08.06"]
[Round "8"]
[White "chessdjw"]
[Black "champ2005"]
[Result "0-1"]
[WhiteElo "2676"]
[BlackElo "2878"]
[TimeControl "180+2"]
[EndTime "14:54:04 PDT"]
[Termination "champ2005 won on time"]

1. d4 Nf6 2. c4 Nc6 3. Nc3 e6 4.
Nf3 Bb4 5. Qc2 d6 6. Bd2 e5 7. a3 Bxc3 8. Bxc3 Qe7 9. d5 Nb8 10. Nd2 O-O 11. e4 a5 12. b4 Na6 13. Rb1 Nh5 14.
g3 f5 15. Bd3 f4 16. Be2 Nf6 17. gxf4 exf4 18. Rg1 c6 19. c5 dxc5 20. d6 Qd8 21. Bc4+ Kh8 22. e5 Nd5 23. e6 Nxc3 24. e7 Qe8 25.
Qxc3 Rf6 26. Ne4 Rg6 27. Rxg6 Qxg6 28. Qe5 Bd7 29. bxa5 Qg1+ 30. Ke2 Qxb1 31. Ng5 Qc2+ 32. Kf3 Qxc4 0-1

[Event "*** Titled Tuesday Blitz"]
[Site "Chess.com"]
[Date "2019.08.06"]
[Round "8"]
[White "norwaytoadog"]
[Black "KacperPolOK"]
[Result "1-0"]
[WhiteElo "2248"]
[BlackElo "2406"]
[TimeControl "180+2"]
[EndTime "14:54:04 PDT"]
[Termination "norwaytoadog won by resignation"]

1. e4 c5 2. Nf3 Nc6 3. Bb5 d6 4. O-O Bd7 5. Re1 Nf6 6. c3 a6 7. Bf1 e5 8. h3 Be7 9. d4 O-O 10. Nbd2 b5 11. a4 Qb6 12. d5 Na5 13. b4 Nb7 14. a5 Qc7 15. Bb2 Rac8 16.
Rc1 g6 17. c4 Qb8 18. Ba3 Nh5 19. g3 f5 20. exf5 Bxf5 21. g4 Bxg4 22. hxg4 Nf4 23.
Ne4 Rc7 24. bxc5 dxc5 25. cxb5 axb5 26. d6 Rd7 27. dxe7 Rxd1 28. exf8=Q+ Qxf8 29. Rexd1 Nd3 30. Rxd3 Qf4 31. Re3 c4 32. Bb2 Qxg4+ 33. Ng3 e4 34. Rxe4 Qxf3 35. Rce1 Nd6 36. Re6 Nf5 37. Re8+ Kf7 38. Nxf5 gxf5 39. R1e7+ Kg6 40. Rg7+ Kh6 41. Re6+ Kh5 42. Rxh7+ Kg5 43. Rg7+ Kh5 44. Be2 1-0

[Event "*** Titled Tuesday Blitz"]
[Site "Chess.com"]
[Date "2019.08.06"]
[Round "8"]
[White "Blitzking642"]
[Black "chessbia"]
[Result "0-1"]
[WhiteElo "2383"]
[BlackElo "2244"]
[TimeControl "180+2"]
[EndTime "14:54:06 PDT"]
[Termination "chessbia won by resignation"]

1. d4 d5 2. c4 dxc4 3. e4 Nf6 4. e5 Nd5 5. Bxc4 e6 6. Nc3 Bb4 7. Ne2 b6 8. O-O Bxc3 9. bxc3 O-O 10. Bd3 Bb7 11. f4 Nd7 12. f5 exf5 13. Ng3 Nxc3 14. Qh5 g6 15. Qh6 Nxe5 16. Bxf5 Qxd4+ 17. Be3 Qd5 18. Rf2 f6 19. Bc2 Rf7 20. Bb3 Nc4 21. Qf4 b5 22.
Bd4 Na4 23. Bc2 Nc5 24. Re1 Ne6 25. Qg4 Nxd4 26. Be4 Qe5 27. Ref1 Bxe4 28. Nxe4 f5 29. Qg5 Qxe4 0-1

[Event "*** Titled Tuesday Blitz"]
[Site "Chess.com"]
[Date "2019.08.06"]
[Round "8"]
[White "Ceejay271"]
[Black "ChessFunMaker"]
[Result "1-0"]
[WhiteElo "2277"]
[BlackElo "2236"]
[TimeControl "180+2"]
[EndTime "14:54:07 PDT"]
[Termination "Ceejay271 won by resignation"]

1. Nf3 Nf6 2. g3 g6 3. b3 Bg7 4. Bb2 O-O 5. Bg2 d6 6. O-O e5 7. d4 Nbd7 8. dxe5 Ng4 9. Na3 Ngxe5 10. Nxe5 dxe5 11. Nc4 f5 12. Qd5+ Kh8 13. Rfd1 c6 14.
Qd6 e4 15. Bxg7+ Kxg7 16. Ne5 Nxe5 17. Qxd8 Rxd8 18. Rxd8 Nf7 19. Rd2 Be6 20. Rad1 Kf6 21. f3 Ke5 22. f4+ Kf6 23. e3 a5 24. a4 Ke7 25.
Bf1 Nh6 26. Bc4 Ng4 27. Bxe6 Kxe6 28. Re1 Nf6 29. c4 b5 30. Kf2 bxc4 31. bxc4 Rb8 32.
Red1 Rb4 33. Rd6+ Kf7 34. Rxc6 Ng4+ 35. Ke2 Rb2+ 36. Rd2 Rxd2+ 37. Kxd2 Nxh2 38. Ra6 Nf1+ 39. Ke2 Nxg3+ 40. Kf2 Nh5 41. Rxa5 Nf6 42. Ra7+ Ke6 43. Ra6+ Ke7 44. Rxf6 Kxf6 45. a5 Ke6 46. a6 g5 47.
fxg5 f4 48. exf4 1-0

[Event "*** Titled Tuesday Blitz"]
[Site "Chess.com"]
[Date "2019.08.06"]
[Round "8"]
[White "FearNoEvil12"]
[Black "Ginzburg_Yakov"]
[Result "0-1"]
[WhiteElo "2000"]
[BlackElo "2497"]
[TimeControl "180+2"]
[EndTime "14:54:07 PDT"]
[Termination "Ginzburg_Yakov won by resignation"]

1. e4 c5 2. Nc3 e6 3. f4 d5 4. Nf3 Nf6 5. Bb5+ Bd7 6. Qe2 Bxb5 7.
Qxb5+ Qd7 8. Qe2 dxe4 9. Nxe4 Nxe4 10. Qxe4 Nc6 11. d3 Be7 12. O-O O-O 13. Ne5 Qd4+ 14.
Be3 Qxe4 15. dxe4 Nxe5 16. fxe5 Rfd8 17. Rad1 Kf8 18. Kf2 c4 19. Ke2 b5 20. Rxd8+ Rxd8 21. Rd1 a6 22. Rxd8+ Bxd8 23. Bd4 Ke7 24. b3 Kd7 25.
Kd2 Ba5+ 26. Bc3 Bb6 27. bxc4 bxc4 28. Bb4 Bd4 29. Bc3 Bg1 30. h3 Kc6 31. Bb4 Bd4 32.
Bc3 Kc5 33. g3 h5 34. g4 hxg4 35. hxg4 g5 36. a3 Bf2 37. Ke2 Bg3 38. Bd2 Kd4 39. Kf3 Bxe5 40. Bxg5 Kc3 41. Bf4 Bxf4 42. Kxf4 Kxc2 43.
Ke5 Kd3 44. Kf6 c3 45. Kxf7 c2 46. g5 c1=Q 47. g6 Qf4+ 48. Kxe6 Qxe4+ 49. Kf7 Qf5+ 50. Kg7 Ke4 51. a4 a5 52. Kh8 Qh5+ 53. Kg7 Kf5 0-1